 Dungeon Sprint DCSS version 0.19.0-18-g426998a (webtiles) character file.

35 equalderp2856 the Scratcher (level 3, -1/18 HPs)
             Began as a Felid Fighter on Nov 11, 2016.
             Slain by a wight
             ... wielding a cursed +0 flail
              (11 damage)
             ... in the Dungeon (Sprint VII: "The Pits").
             The game lasted 00:01:47 (328 turns).

equalderp2856 the Scratcher (Felid Fighter)          Turns: 328, Time: 00:01:48

Health: -1/18      AC:  1    Str: 13    XL:     3   Next: 16%
Magic:  4/4        EV: 20    Int:  9    God:
Gold:   0          SH:  0    Dex: 15    Spells: 0 memorised, 2 levels left
                                        Lives:  0   Deaths: 0

rFire  . . .     SeeInvis +       - Unarmed
rCold  . . .     Gourm    .     (armour unavailable)
rNeg   . . .     Faith    .     (shield unavailable)
rPois  .         Spirit   .     (helmet unavailable)
rElec  .         Reflect  .     (cloak unavailable)
rCorr  .         Harm     .     (gloves unavailable)
MR     .....     NoTele   +     (boots unavailable)
Stlth  ++........               (no amulet)
                                (no ring)
                                (no ring)

@: quick
A: no armour, no weapons or thrown items, stealth, claws 1, fangs 3, see
invisible, carnivore 3, speed 1, shaggy fur 1, slow metabolism 1, sharp paws
a: no special abilities


You were in the Dungeon.
You were not hungry.

You visited 1 branch

Inventory:

Scrolls
 h - a scroll of blinking
Potions
 a - a potion of might
 c - 5 potions of curing
 d - 6 potions of heal wounds
 e - a potion of haste
 f - 4 potions of magic
 g - 3 potions of berserk rage
 i - 2 potions of invisibility
Comestibles
 b - a meat ration


   Skills:
 + Level 4.1 Fighting
 + Level 5.4 Dodging
 + Level 0.4 Stealth
 + Level 6.3 Unarmed Combat


You had 2 spell levels left.
You didn't know any spells.

Dungeon Overview and Level Annotations

Branches:
Dungeon (1/1)

Altars:
Ashenzari
Cheibriados
Dithmenos
Elyvilon
Fedhas
Gozag
Hepliaklqana
Kikubaaqudgha
Makhleb
Nemelex Xobeh
Okawaru
Qazlal
Ru
Sif Muna
Trog
Uskayaw
Vehumet
Xom
Yredelemnul
Zin
The Shining One
Beogh
Jiyva
Lugonu


Innate Abilities, Weirdness & Mutations

You cannot wear armour.
You are incapable of wielding weapons or throwing items.
Your paws allow you to move quietly. (Stealth)
You have sharp claws.
You have razor-sharp teeth.
You have supernaturally acute eyesight. (SInv)
You are carnivorous and can eat meat at any time.
You cover ground quickly.
You are covered in fur. (AC +1)
You have a slow metabolism.
Your sharp claws are effective at attacking unaware monsters.


Message History

You open the door.
A wight and a skeleton come into view.
The bat skeleton barely misses you.
You barely miss the bat skeleton.
The bat skeleton hits you but does no damage.
The bat skeleton completely misses you.
You scratch the bat skeleton but do no damage.
The bat skeleton hits you but does no damage.
The bat skeleton misses you. x2
You barely miss the bat skeleton. The bat skeleton misses you. x2
You claw the bat skeleton!
You destroy the bat skeleton!
You scratch the wight.
The wight is heavily damaged.
The wight hits you with a flail!
You claw the wight!
The wight is almost destroyed.
The wight hits you with a flail!
Ouch! That really hurt!
You die...

#__________#
#____#####'#######
######)))#.##.....
#%?(.')))'.##.....
##########.##.....
#...........'.....
#'#####'#####.....
#.#[[#.....##.....
#@#))#####)#####'#
#z#))#.....##.....
#.#))#.....##.....
#.#..###'####.....
#.##'#(..(.##...<.
#.#........##.....
#.#........##.....
#'###########.....
#.. ######


You could see a wight.

Vanquished Creatures
  A worker ant (D)
  An orc (D)
  2 bat skeletons (D)
  A goblin (D)
  A hobgoblin (D)
  A kobold (D)
  A ball python zombie (D)
  A leopard gecko skeleton (D)
  A quokka skeleton (D)
10 creatures vanquished.

Notes
Turn   | Place    | Note
-------+----------+-------------------------------------------
     0 | D        | equalderp2856 the Felid Fighter began the quest for the Orb.
     0 | D        | Reached XP level 1. HP: 10/10 MP: 2/2
   142 | D        | Noticed a worker ant
   164 | D        | Killed a worker ant
   164 | D        | Reached skill level 5 in Dodging
   164 | D        | Reached skill level 6 in Unarmed Combat
   164 | D        | Reached XP level 2. HP: 15/15 MP: 3/3
   164 | D        | Reached XP level 3. HP: 18/18 MP: 4/4
   267 | D        | Found a radiant altar of Vehumet.
   267 | D        | Found a hide-covered altar of Uskayaw.
   267 | D        | Found an ancient bone altar of Kikubaaqudgha.
   267 | D        | Found a viscous altar of Jiyva.
   267 | D        | Found a hazy altar of Hepliaklqana.
   268 | D        | Found a bloodstained altar of Trog.
   268 | D        | Found a deep blue altar of Sif Muna.
   268 | D        | Found a sacrificial altar of Ru.
   268 | D        | Found a stormy altar of Qazlal.
   268 | D        | Found an iron altar of Okawaru.
   268 | D        | Found a sparkling altar of Nemelex Xobeh.
   268 | D        | Found an opulent altar of Gozag.
   268 | D        | Found a blossoming altar of Fedhas.
   268 | D        | Found a white marble altar of Elyvilon.
   268 | D        | Found a shadowy altar of Dithmenos.
   268 | D        | Found a snail-covered altar of Cheibriados.
   269 | D        | Found a glowing golden altar of the Shining One.
   269 | D        | Found a glowing silver altar of Zin.
   271 | D        | Found a roughly hewn altar of Beogh.
   271 | D        | Found a burning altar of Makhleb.
   271 | D        | Found a basalt altar of Yredelemnul.
   272 | D        | Found a shattered altar of Ashenzari.
   272 | D        | Found a corrupted altar of Lugonu.
   272 | D        | Found a shimmering altar of Xom.
   328 | D        | Slain by a wight

Skill      XL: |  1 |
---------------+----+-----
Fighting       | 4 |  4.1
Dodging        | 5 |  5.4
Unarmed Combat | 6 |  6.3
Stealth        | |  0.4

Action                   || total
-------------------------++-------
Melee: Unarmed           ||    37
       Bite              ||     4
       Punch             ||     1
  Use: Potion            ||     1
 Stab: Sleeping          ||     1
Armor: Skin              ||     2
Dodge: Dodged            ||    27
